 Dungeon Crawl Stone Soup version 0.29.1-1-gd02db6906a (webtiles) character file.

Game seed: 7384166518416118171

16054 KamiKatze the Thaumaturge (level 12, -11/66 HPs)
             Began as a Deep Elf Conjurer on Oct 13, 2022.
             Was an Elder of Vehumet.
             Hit by a large rock thrown by a cyclops (33 damage)
             ... on level 11 of the Dungeon.
             The game lasted 00:55:54 (10765 turns).

KamiKatze the Thaumaturge (Deep Elf Conjurer)      Turns: 10765, Time: 00:55:55

Health: -11/66     AC:  9    Str:  4    XL:     12   Next: 6%
Magic:  35/39      EV: 15    Int: 29    God:    Vehumet [****..]
Gold:   699        SH:  0    Dex: 13    Spells: 19/35 levels left

rFire   . . .      SeeInvis .   W - staff of conjuration
rCold   . . .      Faith    .   (no shield)
rNeg    . . .      Spirit   .   k - +2 robe "Zifosit" {rPois}
rPois   +          Reflect  .   f - +2 hat
rElec   .          Harm     .   R - +0 cloak
rCorr   .          Rampage  .   i - +1 pair of gloves
Will    +....                   (no boots)
Stlth   ++++......              e - amulet of magic regeneration
HPRegen 0.21/turn               B - +4 ring of slaying
MPRegen 0.66/turn               S - ring of magical power

@: no status effects
A: no striking features
a: Renounce Religion


You were on level 11 of the Dungeon.
You worshipped Vehumet.
Vehumet was greatly pleased with you.
You visited 2 branches of the dungeon, and saw 12 of its levels.
You also visited: Sewer and Ossuary.

You collected 783 gold pieces.
You spent 84 gold pieces at shops.

Inventory:

Hand Weapons
 H - a +1 spear of flaming
Missiles
 r - 32 poisoned darts
 D - a throwing net
 Q - a curare-tipped dart
Armour
 f - a +2 hat (worn)
 i - a +1 pair of gloves (worn)
 k - the +2 robe "Zifosit" (worn) {rPois}
   (You found it on level 2 of the Dungeon)

   rPois:     It protects you from poison.
 J - +0 steam dragon scales
 M - a +0 helmet
 O - a +0 troll leather armour
 R - a +0 cloak (worn)
 V - +0 acid dragon scales
Magical Staves
 q - a staff of poison
 N - a staff of death
 W - a staff of conjuration (weapon)
Jewellery
 e - an amulet of magic regeneration (around neck)
 B - a +4 ring of slaying (left hand)
 S - a ring of magical power (right hand)
 U - an amulet of the acrobat
Wands
 c - a wand of flame (43)
 y - a wand of roots (4)
 C - a wand of charming (9)
Scrolls
 d - 3 scrolls of blinking
 l - 8 scrolls of teleportation
 m - 2 scrolls of poison
 n - a scroll of fear
 o - 2 scrolls of enchant weapon
 s - 3 scrolls of summoning
 u - a scroll of butterflies
 w - 2 scrolls of immolation
 x - a scroll of vulnerability
 z - a scroll of enchant armour
 A - 2 scrolls of silence
 E - a scroll of brand weapon {unknown}
 F - 2 scrolls of magic mapping
Potions
 a - 3 potions of flight
 b - a potion of magic
 g - 10 potions of curing
 h - 5 potions of mutation
 j - 3 potions of attraction
 p - 3 potions of might
 t - 2 potions of brilliance
 v - 3 potions of lignification
 G - a potion of heal wounds
 I - 3 potions of haste
 K - a potion of resistance {unknown}
 L - a potion of invisibility {unknown}
 T - a potion of berserk rage {unknown}
Miscellaneous
 P - a phantom mirror


   Skills:
 + Level 4.3 Fighting
 + Level 7.0 Dodging
 + Level 7.6 Stealth
 * Level 12.1 Spellcasting
 * Level 10.6 Conjurations
 - Level 10.0 Hexes
 * Level 9.8 Translocations
 - Level 3.0 Evocations


You had 19 spell levels left.
You knew the following spells:

 Your Spells              Type           Power      Damage    Failure   Level
a - Magic Dart            Conj           100%       1d8       1%          1
b - Searing Ray           Conj           100%       2d8       1%          2
c - Fulminant Prism       Conj/Hex       43%        3d20      1%          4
d - Iskenderun's Mystic   Conj/Tloc      86%        2d17      1%          4
e - Irradiate             Conj/Tmut      32%        3d22      2%          5

Your spell library contained the following spells:

 Spells                   Type           Power      Damage    Failure   Level
 Sandblast                Erth           34%        2d9       1%          1
 Dazzling Flash           Conj/Hex       100%       N/A       1%          3
 Portal Projectile        Hex/Tloc       100%       N/A       1%          3
 Stone Arrow              Conj/Erth      100%       3d13      1%          3
 Leda's Liquefaction      Hex/Erth       23%        N/A       3%          4
 Passwall                 Tmut/Erth      14%        N/A       4%          2
 Call Canine Familiar     Summ           17%        N/A       9%          3


Dungeon Overview and Level Annotations

Branches:
Dungeon (11/15)            Temple (1/1) D:5             Orc (0/2) D:9
  Sewer (visited)         Ossuary (visited)
   Lair: D:8-11

Altars:
Ashenzari
Cheibriados
Dithmenos
Elyvilon
Fedhas
Gozag
Hepliaklqana
Kikubaaqudgha
Makhleb
Nemelex Xobeh
Okawaru
Qazlal
Ru
Sif Muna
Trog
Uskayaw
Vehumet
Wu Jian
Xom
Yredelemnul
Zin
The Shining One
Lugonu

Shops:
D:2 (   D:3 *   D:5 !?*(!   D:6 !

Annotations:
D:8 digging
D:11 1 transporter


Message History

Something claws your fulminant prism but does no damage.
The basilisk hisses menacingly.
Your fulminant prism crackles loudly.
Something bites your fulminant prism! Something claws your fulminant prism.
The basilisk gazes at you.
You are slowing down.
Your fulminant prism explodes!
Vehumet accepts your kill.
You feel a bit more experienced.
Casting: Fulminant Prism (safe; 1% risk of failure)
Confirm with . or Enter, or press ? or * to list all spells.
Aiming: Fulminant Prism (safe; 1% risk of failure)
Press: ? - help, Dir - move target You feel a surge of power!
You conjure a prism of explosive energy!
A fulminant prism comes into view.
Your limbs are stiffening.
The basilisk gazes at you.
You easily resist.
Your fulminant prism crackles loudly.
A cyclops comes into view.
The basilisk gazes at you.
You easily resist.
You have turned to stone.
Your fulminant prism explodes!
The blast of energy engulfs the basilisk!!!
You kill the basilisk!
Vehumet accepts your kill.
The cyclops throws a large rock.
The large rock hits you!!
The cyclops throws a large rock.
The large rock hits you!!
* * * LOW HITPOINT WARNING * * *
You turn to flesh and can move again.
Casting: Fulminant Prism (safe; 1% risk of failure)
Confirm with . or Enter, or press ? or * to list all spells.
You feel a surge of power!
You erupt in a blast of force!
The mystic blast hits the cyclops!!
The cyclops is heavily wounded.
The cyclops is knocked back by the mystic blast.
The cyclops throws a large rock.
The large rock hits you!!
Ouch! That really hurt!
You die...

################ #####
.......<...รท...# #...#
.......).......# #...#
...............# #...#
...............# #...# .#
...............# #...# ..#
...............# #...# ...#
...............####...###...#####
................@...C............
...............^...........).....
...............)...[.........####
...####........######..####..#
...# #...###..# #D.# #[.# ...#
#...# #..# #..# #..# ...# #...#
#..# #.D# #..#
...####...###..######..####..####
..............^..................


You could see a cyclops.

Vanquished Creatures
  A two-headed ogre (D:10)
  An orange crystal statue (D:10)
  2 gargoyles
  Psyche (D:9)
  A komodo dragon (D:9)
  3 kobold demonologists (D:10)
  A hornet (D:9)
  2 trolls
  Grinder (D:4)
  A spriggan (D:8)
  A shadow (D:9)
  2 vampires
  27 yaks
  A human (D:8)
  A wraith (D:11)
  2 wyverns
  A steam dragon (D:8)
  2 basilisks (D:11)
  7 vampire mosquitoes (D:11)
  Edmund (D:4)
  5 acid dragons (D:11)
  8 water moccasins
  Pargi (Sewer)
  3 black bears
  2 orc warriors
  4 sky beasts
  4 ogres
  5 centaurs
  3 kobold brigands (D:10)
  2 necrophages (D:7)
  A gnoll sergeant (D:9)
  4 bullfrogs
  3 scorpions
  8 wights (D:9)
  5 killer bees (D:9)
  2 howler monkeys
  3 lava snakes (D:10)
  5 hounds
  2 jellies
  2 gnoll boudas
  5 orc priests
  2 iguanas
  8 orc wizards
  13 mummies (Ossuary)
  15 gnolls
  9 adders
  2 shadow imps
  2 white imps
  A worm (D:4)
  A dart slug (D:1)
  22 orcs
  11 ball pythons
  5 endoplasms
  10 giant cockroaches
  5 goblins
  7 hobgoblins
  8 jackals
  3 quokkas
  5 bats
  4 frilled lizards
  3 gnoll skeletons (Ossuary)
  4 goblin skeletons
  18 kobolds
  2 kobold skeletons (Ossuary)
  11 rats
  11 rat skeletons (Ossuary)
318 creatures vanquished.

Vanquished Creatures (others)
  2 bushes (D:11)
  136 fulminant prisms
  5 fungi
  25 plants
168 creatures vanquished.

Grand Total: 486 creatures vanquished

Notes
Turn   | Place    | Note
-------+----------+-------------------------------------------
     0 | D:1      | KamiKatze the Deep Elf Conjurer began the quest for the
                  | Orb.
     0 | D:1      | Reached XP level 1. HP: 10/10 MP: 6/6
   295 | D:1      | Reached XP level 2. HP: 10/15 MP: 5/8
   298 | D:1      | Learned a level 2 spell: Searing Ray
   323 | D:1      | Reached skill level 1 in Hexes
   454 | D:1      | Reached skill level 1 in Translocations
   597 | D:1      | Found a faded altar of an unknown god.
   892 | D:2      | Reached XP level 3. HP: 19/19 MP: 7/9
   964 | D:2      | Identified the +2 robe "Zifosit" {rPois}
  1155 | D:2      | Found Enofequc's Weapon Boutique.
  1370 | D:3      | Found a sparkling altar of Nemelex Xobeh.
  1479 | D:3      | Found a broken altar of Ashenzari.
  1575 | D:3      | Reached skill level 4 in Spellcasting
  1575 | D:3      | Reached XP level 4. HP: 22/24 MP: 6/12
  1828 | D:3      | Found Rehyestri's General Store.
  1885 | D:3      | Reached XP level 5. HP: 12/28 MP: 5/13
  1887 | D:3      | Reached skill level 5 in Conjurations
  1930 | D:3      | Found a glowing drain.
  1983 | Sewer    | Entered a sewer
  2172 | Sewer    | Learned a level 4 spell: Fulminant Prism
  2177 | Sewer    | Learned a level 4 spell: Iskenderun's Mystic Blast
  2178 | Sewer    | Noticed Pargi
  2184 | Sewer    | Killed Pargi
  2185 | Sewer    | Reached skill level 5 in Spellcasting
  2185 | Sewer    | Reached XP level 6. HP: 26/32 MP: 5/15
  3021 | D:4      | Noticed Edmund
  3254 | D:4      | Reached XP level 7. HP: 15/36 MP: 13/17
  3499 | D:4      | Noticed Grinder
  3508 | D:4      | Killed Grinder
  3509 | D:4      | Reached skill level 6 in Spellcasting
  3509 | D:4      | Reached skill level 5 in Hexes
  3642 | D:4      | Killed Edmund
  3687 | D:5      | Entered Level 5 of the Dungeon
  3734 | D:5      | Found Jeiruis's Magic Scroll Shoppe.
  3753 | D:5      | Bought a scroll of immolation for 48 gold pieces
  3753 | D:5      | Bought a scroll of identify for 24 gold pieces
  3754 | D:5      | Found Nacucweo's Distillery.
  3815 | D:5      | Found Voniag's General Store.
  3835 | D:5      | Found a staircase to the Ecumenical Temple.
  3847 | Temple   | Entered the Ecumenical Temple
  3885 | Temple   | Became a worshipper of Vehumet
  3903 | D:5      | Found Ejuoga's Weapon Emporium.
  3949 | D:5      | Reached XP level 8. HP: 41/41 MP: 16/20
  4066 | D:5      | Found an iron altar of Okawaru.
  4075 | D:5      | Reached skill level 5 in Translocations
  4080 | D:5      | Reached skill level 7 in Spellcasting
  4220 | D:5      | Found Litewin's Distillery.
  4365 | D:5      | Found a glowing golden altar of the Shining One.
  4984 | D:6      | Found an opulent altar of Gozag.
  5205 | D:6      | Reached skill level 1 in Fighting
  5287 | D:6      | Found Onaiblir's Distillery.
  5290 | D:6      | Bought a potion of degeneration for 12 gold pieces
  5412 | D:6      | Found a glowing silver altar of Zin.
  5518 | D:7      | Reached skill level 1 in Evocations
  5518 | D:7      | Found a sand-covered staircase.
  5527 | Ossuary  | Entered an ossuary
  5542 | Ossuary  | Reached * piety under Vehumet
  5542 | Ossuary  | Offered knowledge of Foxfire by Vehumet.
  5695 | Ossuary  | Reached XP level 9. HP: 47/47 MP: 16/22
  5853 | Ossuary  | Reached ** piety under Vehumet
  5855 | Ossuary  | Reached skill level 8 in Spellcasting
  5924 | D:7      | Offered knowledge of Static Discharge by Vehumet.
  6680 | D:7      | Found a shadowy altar of Dithmenos.
  6681 | D:7      | Found a hazy altar of Hepliaklqana.
  6868 | D:8      | Found a shimmering altar of Xom.
  6868 | D:8      | Found a shimmering altar of Xom.
  6884 | D:8      | Found a shimmering altar of Xom.
  6884 | D:8      | Found a shimmering altar of Xom.
  6884 | D:8      | Found a shimmering altar of Xom.
  6885 | D:8      | Found a shimmering altar of Xom.
  6885 | D:8      | Found a shimmering altar of Xom.
  6885 | D:8      | Found a shimmering altar of Xom.
  7136 | D:8      | Reached skill level 9 in Spellcasting
  7185 | D:8      | Found a runed translucent door.
  7190 | D:8      | Found a basalt altar of Yredelemnul.
  7207 | D:8      | Reached skill level 5 in Stealth
  7256 | D:8      | Reached XP level 10. HP: 52/53 MP: 19/25
  7903 | D:9      | Offered knowledge of Poisonous Vapours by Vehumet.
  7912 | D:9      | Reached skill level 5 in Dodging
  8104 | D:9      | Found a snail-covered altar of Cheibriados.
  8121 | D:9      | Reached *** piety under Vehumet
  8174 | D:9      | Found a staircase to the Orcish Mines.
  8234 | D:9      | Found a white marble altar of Elyvilon.
  8309 | D:9      | Reached skill level 10 in Spellcasting
  8364 | D:9      | Offered knowledge of Inner Flame by Vehumet.
  8470 | D:9      | Found a sacrificial altar of Ru.
  8593 | D:9      | Noticed Psyche
  8598 | D:9      | Killed Psyche
  8599 | D:9      | Reached XP level 11. HP: 60/60 MP: 21/27
  8894 | D:10     | Entered Level 10 of the Dungeon
  8894 | D:10     | Found a basalt altar of Yredelemnul.
  8899 | D:10     | Noticed a sixfirhy
  9076 | D:10     | Reached skill level 10 in Hexes
  9107 | D:10     | Reached **** piety under Vehumet
  9111 | D:10     | Found a shimmering blue altar of Sif Muna.
  9123 | D:10     | Noticed an orange crystal statue
  9202 | D:10     | Found a blossoming altar of Fedhas.
  9208 | D:10     | Found a stormy altar of Qazlal.
  9309 | D:10     | Reached skill level 11 in Spellcasting
  9460 | D:10     | Offered knowledge of Irradiate by Vehumet.
  9829 | D:10     | Noticed a two-headed ogre
  9835 | D:10     | Killed an orange crystal statue
  9836 | D:10     | Reached skill level 10 in Conjurations
  9983 | D:10     | Noticed a two-headed ogre
  9996 | D:10     | Killed a two-headed ogre
 10028 | D:10     | Found a shimmering blue altar of Sif Muna.
 10476 | D:11     | Learned a level 5 spell: Irradiate
 10574 | D:11     | Found a transporter.
 10587 | D:11     | Noticed a centaur warrior
 10589 | D:11     | Noticed a deep troll
 10589 | D:11     | Noticed a fire giant
 10692 | D:11     | Reached skill level 12 in Spellcasting
 10692 | D:11     | Reached XP level 12. HP: 43/66 MP: 30/30
 10765 | D:11     | Hit by a large rock thrown by a cyclops

Illustrated notes

Levels and vault maps discovered:
D:1:      lordsloth_arrival_two_stooges, layout_basic,
          chequers_ecumenical_altar_grove
D:2:      layout_basic, serial_shops, nicolae_diamond_shop
D:3:      layout_loops_ring, cheibrodos_ashenzari_chains,
          nicolae_overflow_crystal_walls, serial_shops, shop,
          gup_sewer_entry_bubbles, st_stairs_6
D:4:      layout_rooms, minivault_24, hangedman_minor_gate_pass, uniq_grinder,
          uniq_edmund
D:5:      layout_loops_ring, okawaru_ov_weapons_minmay,
          nicolae_tso_carved_into_rock, minmay_temple_entry_stoned_glass,
          serial_shops, shop_statue, shop, shop, shop,
          nicolae_shop_temple_entry_statues_fountains, nrook_loot_triangle,
          chequers_mini_garden
D:6:      layout_loops_ring, grunt_gozag_breadcrumbs, lemuel_round_altar,
          serial_shops, kennysheep_mini_moat
D:7:      layout_loops_ring, riverfiend_overflow_shadow_ancestor,
          nicolae_ossuary_entry_plus, minmay_circle_x
D:8:      minmay_weird_star, layout_cave_pods, xom_shifter_show,
          dk_yredelemnul_ordeal, the_hattery
D:9:      minmay_inner_zag, layout_basic, nicolae_ru_awakened_eye,
          elyvilon_altar_4, amcnicky_altar_gilded, orc_0_dummy, uniq_psyche
D:10:     layout_roguey, lemuel_round_altar,
          grunt_temple_overflow_forces_of_nature, hangedman_feature_mirror,
          chequers_serial_rivers_large_b, disabler_island
D:11:     gammafunk_sealed_arena, layout_small_grid, minmay_lair_entry_grove
Temple:   corrupted_temple

Skill      XL: |  1  2  3  4  5  6  7  8  9 10 11 12 |
---------------+-------------------------------------+-----
Hexes          | 1 2 3 4 5 6 8 9 10 | 10.0
Translocations | 1 2 3 4 5 7 8 9 |  9.8
Stealth        | 3 5 6 7 |  7.6
Spellcasting   | 4 5 6 7 9 10 12 | 12.1
Dodging        | 3 4 5 6 7 |  7.0
Conjurations   | 5 6 7 8 9 10 | 10.6
Fighting       | 1 2 3 4 |  4.3
Evocations     | 1 2 3 |  3.0

Action                   |  1- 3 |  4- 6 |  7- 9 | 10-12 || total
-------------------------+-------+-------+-------+-------++-------
Melee: Spear             |     9 |    18 |       |       ||    27
 Cast: Magic Dart        |    81 |    37 |    37 |    14 ||   169
       Searing Ray       |     2 |    22 |    40 |    11 ||    75
       Fulminant Prism   |       |     2 |    40 |    94 ||   136
       Iskenderun's Myst |       |     1 |    30 |    40 ||    71
       Irradiate         |       |       |       |     2 ||     2
  Use: Scroll            |     3 |     5 |    10 |     3 ||    21
 Stab: Distracted        |       |     1 |       |       ||     1
Armor: Robe              |     5 |    30 |     7 |     5 ||    47
Dodge: Dodged            |    13 |    25 |    17 |    16 ||    71
